 Dungeon Crawl Stone Soup version 0.22.1-1-ga44c0e56f4 (webtiles) character file.

130 Morbidden the Chopper (level 4, -5/35 HPs)
             Began as a Demonspawn Fighter on Oct 25, 2018.
             Slain by an ogre
             ... wielding a +0 giant club
              (13 damage)
             ... on level 4 of the Dungeon.
             The game lasted 00:04:33 (2117 turns).

Morbidden the Chopper (Demonspawn Fighter)          Turns: 2117, Time: 00:04:34

Health: -5/35      AC: 13    Str: 17    XL:     4   Next: 89%
Magic:  0/4        EV:  2    Int:  9    God:
Gold:   143        SH: 10    Dex: 13    Spells: 3/3 levels left

rFire    . . .     SeeInvis .   l - +1 whip (elec)
rCold    . . .     Gourm    .   q - +2 shield
rNeg     . . .     Faith    .   n - +1 plate armour {rPois}
rPois    +         Spirit   +   (no helmet)
rElec    .         Reflect  .   e - +0 cloak
rCorr    .         Harm     .   (no gloves)
MR       +....                  (no boots)
Stlth    ..........             o - amulet of magic regeneration
HPRegen  0.11/turn              k - ring of protection from magic
MPRegen  0.34/turn              (no ring)

@: no status effects
A: hooves 1, magic shield
a: no special abilities


You were on level 4 of the Dungeon.
You were not hungry.

You visited 1 branch of the dungeon, and saw 4 of its levels.

You collected 143 gold pieces.

Inventory:

Hand Weapons
 a - a +0 war axe
 l - a +1 whip of electrocution (weapon)
Missiles
 m - 19 sling bullets
Armour
 e - a +0 cloak (worn)
 n - a +1 plate armour of poison resistance (worn)
 q - a +2 shield (worn)
Jewellery
 k - a ring of protection from magic (left hand)
 o - an amulet of magic regeneration (around neck)
 s - an uncursed ring of flight {unknown}
 t - an uncursed ring of positive energy {unknown}
Scrolls
 b - 4 scrolls of identify {unknown}
 g - 2 scrolls of remove curse
 j - a scroll of fog {unknown}
 p - 2 scrolls of teleportation {unknown}
Potions
 c - a potion of lignification {unknown}
 d - 2 potions of might
 h - a potion of haste {unknown}
 i - a potion of invisibility {unknown}
 r - a potion of agility {unknown}
 u - a potion of degeneration {unknown}
 v - a potion of magic {unknown}
Comestibles
 f - 5 rations


   Skills:
 - Level 3.0 Fighting
 + Level 4.7 Axes
 - Level 2.6 Armour
 - Level 2.6 Shields


You had 3 spell levels left.
You didn't know any spells.
Your spell library was empty.

Dungeon Overview and Level Annotations

Branches:
Dungeon (4/15)
 Temple: D:4-7

Altars:
Ashenzari
Ru
Xom
Zin

Shops:
D:3 *


Innate Abilities, Weirdness & Mutations

You have large cloven feet.
When hurt, damage is shared between your health and your magic reserves.


Message History

Unknown command.
You hit the ogre.
The ogre is severely wounded.
You block the frilled lizard's attack.
Unknown command.
You hit the ogre.
The ogre is severely wounded.
The ogre hits you with a giant club!
* * * LOW HITPOINT WARNING * * *
The frilled lizard bites you but does no damage.
Unknown command.
You are too injured to fight recklessly!
Unknown command.
You are too injured to fight recklessly!
Unknown command.
Okay, then.
Your shield and plate armour prevent you from hitting the ogre.
The ogre is severely wounded.
You block the frilled lizard's attack. The ogre hits you with a giant club!
You die...

#.....# #.....#
#.....# #(....#
#.....# #.<...#
#.....#
#####.....#
#.<...l@†.#
......O...#
.......$.....
...............
...............
.....###+#.....
#.... .....
#.... .....


You could see an ogre and a frilled lizard.

Vanquished Creatures
  A gnoll (D:1)
  4 adders
  An ooze (D:2)
  3 worms
  6 dart slugs
  A leopard gecko (D:1)
  A ball python (D:2)
  6 bats
  4 giant cockroaches
  4 goblins
  10 hobgoblins
  2 quokkas
  5 frilled lizards
  3 kobolds (D:1)
  10 rats
61 creatures vanquished.

Notes
Turn   | Place    | Note
-------+----------+-------------------------------------------
     0 | D:1      | Morbidden the Demonspawn Fighter began the quest for the
                  | Orb.
     0 | D:1      | Reached XP level 1. HP: 18/18 MP: 1/1
    16 | D:1      | Reached skill level 2 in Axes
    64 | D:1      | Gained mutation: When hurt, damage is shared between your
                  | health and your magic reserves. [demonic ancestry]
    64 | D:1      | Reached XP level 2. HP: 8/24 MP: 2/2
   344 | D:1      | Reached skill level 3 in Axes
   447 | D:1      | Reached XP level 3. HP: 23/29 MP: 3/3
   963 | D:2      | Gained mutation: You have large cloven feet. [demonic
                  | ancestry]
   963 | D:2      | Reached XP level 4. HP: 35/35 MP: 4/4
  1052 | D:2      | Reached skill level 4 in Axes
  1156 | D:2      | Found a shattered altar of Ashenzari.
  1436 | D:3      | Found Zin's Purification Station.
  1439 | D:3      | Found a glowing silver altar of Zin.
  1551 | D:3      | Found a faded altar of an unknown god.
  1590 | D:3      | Found a sacrificial altar of Ru.
  2075 | D:4      | Found a shimmering altar of Xom.
  2075 | D:4      | Noticed a centaur
  2075 | D:4      | Noticed a phantom
  2106 | D:4      | Noticed an ogre
  2117 | D:4      | Slain by an ogre

Skill      XL: |  1  2  3  4 |
---------------+-------------+-----
Axes           | 2 3 4 |  4.7
Fighting       | |  3.0
Armour         | |  2.6
Shields        | |  2.6

Action                   |  1- 3 |  4- 6 || total
-------------------------+-------+-------++-------
Melee: War axe           |    52 |       ||    52
       Whip              |    44 |    73 ||   117
       Kick              |       |    15 ||    15
  Use: Scroll            |     1 |       ||     1
  Eat: Chunk             |       |     4 ||     4
Armor: Scale mail        |    13 |       ||    13
       Chain mail        |    15 |       ||    15
       Plate armour      |    24 |    34 ||    58
Dodge: Dodged            |     8 |     4 ||    12
Block: Shield            |    38 |    32 ||    70
